 Dungeon Crawl Stone Soup version 0.30-a0-800-g7c544603b3 (webtiles) character file.

Game seed: 6396696765275633643

63 jlumianski the Covered (level 3, -13/29 HPs)
             Began as a Demonspawn Fighter on Feb 21, 2023.
             Killed from afar by Terence (17 damage)
             ... with a bolt of dispelling energy
             ... on level 3 of the Dungeon.
             The game lasted 00:08:16 (2206 turns).

jlumianski the Covered (Demonspawn Fighter)         Turns: 2206, Time: 00:08:17

Health: -13/29     AC: 14    Str: 18    XL:     3   Next: 89%
Magic:  3/3        EV: 10    Int:  9    God:
Gold:   165        SH:  4    Dex: 12    Spells: 2/2 levels left

rFire   . . .      SeeInvis .    a - +0 war axe
rCold   . . .      Faith    .    c - +0 buckler
rNeg    . . .      Spirit   .    o - +0 swamp dragon scales
rPois   +          Reflect  .    (no helmet)
rElec   .          Harm     .    (no cloak)
rCorr   .          Rampage  .    (no gloves)
Will    .....                    (no boots)
Stlth   +                        (no amulet)
HPRegen 0.24/turn                (no ring)
MPRegen 0.08/turn                (no ring)

@: sanguine armoured
A: sanguine armour 1
a: no special abilities


You were on level 3 of the Dungeon.
You visited 1 branch of the dungeon, and saw 4 of its levels.

You collected 165 gold pieces.

Inventory:

Hand Weapons
 a - a +0 war axe (weapon)
Missiles
 f - 31 stones (quivered)
Armour
 b - a +0 scale mail
 c - a +0 buckler (worn)
 l - a +0 pair of boots
 m - a +0 chain mail
 o - +0 swamp dragon scales (worn)
Scrolls
 e - 5 scrolls of identify {unknown}
 h - 2 scrolls of teleportation {unknown}
 k - a scroll of enchant armour {unknown}
 n - a scroll of silence {unknown}
Potions
 d - a potion of might
 g - a potion of attraction {unknown}
 i - a potion of curing {unknown}
 j - a potion of flight {unknown}


   Skills:
 * Level 3.1 Fighting
 + Level 3.0 Axes
 + Level 3.2 Armour
 + Level 0.3 Dodging
 + Level 0.1 Stealth
 + Level 2.8 Shields


You had 2 spell levels left.
You didn't know any spells.
Your spell library contained the following spells:

 Spells                   Type           Power      Damage    Failure   Level
 Necrotise                Necr           0%         1d4       67%         1
 Vampiric Draining        Necr           0%         2d6       95%         3
 Manifold Assault         Tloc           0%         N/A       100%        4
 Agony                    Necr           0%         N/A       100%        5
 Dispersal                Tloc           0%         N/A       100%        6
 Disjunction              Tloc           0%         N/A       100%        8


Dungeon Overview and Level Annotations

Branches:
Dungeon (4/15)
 Temple: D:4-7

Altars:
Trog

Annotations:
D:3 Terence


Innate Abilities, Weirdness & Mutations

When seriously injured, your blood forms armour. (AC +6)


Message History

[Y]es or [N]o only, please.
Really walk into that cloud of flame? [Y]es or [N]o only, please.
Really walk into that cloud of flame? [Y]es or [N]o only, please.
Really walk into that cloud of flame? [Y]es or [N]o only, please.
Really walk into that cloud of flame?
Okay, then.
A hobgoblin comes into view.
The hobgoblin shouts!
The hobgoblin moves out of view.
A hobgoblin is nearby!
You slash the hobgoblin!
You kill the hobgoblin!
Your Axes skill increases to level 3!
You now have 165 gold pieces (gained 8).
Found a faded altar of an unknown god.
Terence is nearby!
Terence shouts!
Terence zaps a wand.
The bolt of dispelling energy misses you.
Terence completely misses you.
You barely miss Terence.
Terence zaps a wand.
The bolt of dispelling energy misses you.
You slash Terence!
Terence is heavily wounded.
Terence zaps a wand.
The bolt of dispelling energy hits you!
Your blood congeals into armour.
Terence hits you with a +2 flail of protection!
You hit Terence but do no damage.
Terence is heavily wounded.
Terence zaps a wand.
The bolt of dispelling energy hits you!
* * * LOW HITPOINT WARNING * * *
You hit Terence but do no damage.
Terence is heavily wounded.
Terence closely misses you.
Terence zaps a wand.
The bolt of dispelling energy hits you!
Ouch! That really hurt!
You die...

## .♣♣♣ ..♣♣ ♣@.♣♣
♣♣♣ ♣@..♣ ....♣♣♣♣..♣
♣......8♣ .. .#
♣♣♣.⌠.._♣ .##.#
♣.....8♣####+###....#
♣.♣♣♣♣..♣#...........
.. ♣♣.♣♣#.........# ♣
♣.♣♣##.........#
##♣.♣.........# ..


You could see Terence.

Vanquished Creatures
  An adder (D:3)
  2 dart slugs
  3 ball pythons (D:1)
  8 endoplasms
  3 giant cockroaches
  6 goblins
  4 hobgoblins
  4 quokkas (D:1)
  6 bats
  4 frilled lizards
  4 kobolds
  A rat (D:1)
46 creatures vanquished.

Notes
Turn   | Place    | Note
-------+----------+-------------------------------------------
     0 | D:1      | jlumianski the Demonspawn Fighter began the quest for the
                  | Orb.
     0 | D:1      | Reached XP level 1. HP: 18/18 MP: 1/1
   325 | D:1      | Gained mutation: When seriously injured, your blood forms
                  | armour. (AC +6) [demonic ancestry]
   325 | D:1      | Reached XP level 2. HP: 24/24 MP: 2/2
   932 | D:2      | Reached XP level 3. HP: 29/29 MP: 3/3
  1718 | D:3      | Noticed Terence
  2149 | D:3      | Found a bloodstained altar of Trog.
  2186 | D:3      | Found a faded altar of an unknown god.
  2206 | D:3      | Killed from afar by Terence

Illustrated notes

Levels and vault maps discovered:
D:1:      dpeg_arrival_arbitrary_a, layout_basic
D:2:      layout_loops_corners, chequers_serial_rivers_small_b,
          minmay_misc_feat_x, minivault_5, minmay_tetromino_l2
D:3:      layout_basic, nicolae_ru_path_of_blood, trog_book,
          shapermc_ecumenical_altar_totnotflames, uniq_terence
D:4:      layout_basic, nicolae_wu_jian_immortal_techniques, zin_treasury,
          lemuel_crystal_altar, chequers_serial_rivers_room_a

Skill      XL: |  1  2  3 |
---------------+----------+-----
Axes           | 2 3 |  3.0
Armour         | 3 |  3.2
Fighting       | |  3.1
Dodging        | |  0.3
Stealth        | |  0.1
Shields        | |  2.8

Action                     || total
---------------------------++-------
  Melee: War axe           ||   152
 Armour: Scale mail        ||    50
         Swamp dragon scal ||    23
         Chain mail        ||    10
  Dodge: Dodged            ||    67
  Block: Buckler           ||    44

Table legend: (Time is in decaauts)
 A = Elapsed time spent in this place.
 B = Non-inter-level travel time spent in this place.
 C = Inter-level travel time spent in this place.
 D = Time resting spent in this place.
 E = Time spent auto-exploring this place.
 F = Levels seen in this place.
 G = Mean time per level.
                   A        B        C        D        E       F      G
               +--------+--------+--------+--------+--------+-----+--------+
         Total |   2271 |   2206 |     65 |      0 |   1404 |   4 |  567.8 |
       Dungeon |   2271 |   2206 |     65 |      0 |   1404 |   4 |  567.8 |
               +--------+--------+--------+--------+--------+-----+--------+

Top non-repeatable levels by time:
     D:2: 1086 daAuts
     D:1: 909 daAuts
     D:3: 274 daAuts
     D:4: 1 daAuts
